 Dungeon Crawl Stone Soup version 0.24.0-123-gd5b16e6ec5 (webtiles) character file.

Game seed: 11040203339635127798, levelgen mode: deterministic

210 Goreval the Poker (level 5, 42/42 HPs)
             Began as a Demonspawn Monk on Jan 9, 2020.
             Was a Believer of Sif Muna.
             Got out of the dungeon alive.
             The game lasted 00:06:38 (4157 turns).

Goreval the Poker (Demonspawn Monk)                 Turns: 4157, Time: 00:06:38

Health: 42/42      AC: 10    Str: 13    XL:     5   Next: 56%
Magic:  5/5        EV: 10    Int: 11    God:    Sif Muna [**....]
Gold:   159        SH:  0    Dex: 15    Spells: 4/4 levels left

rFire    . . .     SeeInvis .   b - +0 trident
rCold    + . .     Gourm    .   (no shield)
rNeg     . . .     Faith    .   e - +0 scale mail
rPois    .         Spirit   +   q - +2 helmet
rElec    .         Reflect  .   (no cloak)
rCorr    .         Harm     .   (no gloves)
MR       .....                  m - +0 pair of boots
Stlth    +.........             (no amulet)
HPRegen  0.14/turn              h - ring of flight
MPRegen  0.09/turn              (no ring)

@: no status effects
A: cold resistance 1, magic shield, freezing cloud immunity
a: Channel Magic, Renounce Religion, Evoke Flight


You escaped.
You worshipped Sif Muna.
Sif Muna was pleased with you.
You were not hungry.

You visited 1 branch of the dungeon, and saw 3 of its levels.
You also visited: Sewer.

You collected 159 gold pieces.

Inventory:

Hand Weapons
 b - a +0 trident (weapon)
Missiles
 k - 57 stones (quivered)
 n - a throwing net
Armour
 e - a +0 scale mail (worn)
 m - a +0 pair of boots (worn)
 q - a +2 helmet (worn)
Jewellery
 h - a ring of flight (left hand)
Scrolls
 d - a scroll of amnesia {unknown}
 j - 4 scrolls of teleportation
 l - 2 scrolls of enchant armour {unknown}
 o - 5 scrolls of identify {unknown}
Potions
 a - a potion of mutation {unknown}
 f - a potion of degeneration {unknown}
 g - 5 potions of flight
 i - 3 potions of agility
 p - a potion of ambrosia {unknown}
 r - 2 potions of heal wounds {unknown}
 s - a potion of berserk rage {unknown}
Comestibles
 c - 8 rations


   Skills:
 + Level 4.2 Fighting
 * Level 4.8 Polearms
 - Level 3.0 Dodging
 - Level 2.0 Stealth


You had 4 spell levels left.
You didn't know any spells.
Your spell library was empty.

Dungeon Overview and Level Annotations

Branches:
Dungeon (3/15)              Sewer (visited)

Altars:
Ru
Sif Muna
Uskayaw


Innate Abilities, Weirdness & Mutations

Your flesh is cold resistant. (rC+)
When hurt, damage is shared between your health and your magic reserves.
You are immune to freezing clouds.


Message History

Okay, then.
Unknown command.
Press < or > to pray at altars.
Unknown command.
Press < or > to pray at altars.
(D) Dungeon
Where to? (Enter - D:3 @ (x,y), ? - help)
What level of the Dungeon? (default 1, ? - help)
There is a stone staircase leading up here.
You climb upwards.
There is a stone staircase leading down here.
There is a sacrificial altar of Ru here.
There is an escape hatch in the ceiling here.
There is a stone staircase leading up here.
You climb upwards.
There is a stone staircase leading down here.
There is an escape hatch in the floor here.
There is a staircase leading out of the dungeon here.
Are you sure you want to leave the Dungeon?
This will make you lose the game!
You have escaped!

#####.............#############
.................## ###.......###
#########.######.# #.#.#.....'..
######....# #.# #.#.#.....###
.....'....# #.# #.#.+.....>.#
######...## ###.# #.###.....#.#
###......# #...# #.# #######.#
.#..#....# #.######.#####8###.#
...##....# #.#@..........>....#
.......#######.######.#####8###..
####.#...#...#......#.#[..###...#
##....##........#.#.#.#.#.....#.#
##....####......#.#.#.#.........#
##...........##.#.#.#.#.........#
##...........##...#.#.#.........#
##...#.......##...#.###.........#
##...#..##+####..............)..#


There were no monsters in sight!

Vanquished Creatures
  A merfolk siren (Sewer)
  A merfolk avatar (Sewer)
  5 adders
  2 river rats (Sewer)
  3 oozes
  2 worms (D:3)
  2 dart slugs (D:1)
  4 leopard geckos
  2 orcs (D:3)
  6 giant cockroaches
  7 goblins
  6 hobgoblins
  3 kobolds (D:1)
  A quokka (D:2)
  4 ball pythons
  6 bats
  6 frilled lizards
  25 rats
86 creatures vanquished.

Notes
Turn   | Place    | Note
-------+----------+-------------------------------------------
     0 | D:1      | Goreval the Demonspawn Monk began the quest for the Orb.
     0 | D:1      | Reached XP level 1. HP: 18/18 MP: 1/1
   262 | D:1      | Gained mutation: Your flesh is cold resistant. (rC+)
                  | [demonic ancestry]
   262 | D:1      | Reached XP level 2. HP: 18/24 MP: 2/2
   987 | D:1      | Reached XP level 3. HP: 25/29 MP: 3/3
  1531 | D:2      | Found a sacrificial altar of Ru.
  2135 | D:2      | Gained mutation: When hurt, damage is shared between your
                  | health and your magic reserves. [demonic ancestry]
  2135 | D:2      | Reached XP level 4. HP: 31/35 MP: 4/4
  2323 | D:3      | Found a hide-covered altar of Uskayaw.
  2440 | D:3      | Found a glowing drain.
  2444 | Sewer    | Entered a sewer
  3022 | Sewer    | Gained mutation: You are immune to freezing clouds.
                  | [demonic ancestry]
  3022 | Sewer    | Reached XP level 5. HP: 31/42 MP: 5/5
  4001 | D:3      | Found a faded altar of an unknown god.
  4048 | D:3      | Became a worshipper of Sif Muna the Loreminder
  4048 | D:3      | Reached * piety under Sif Muna
  4048 | D:3      | Reached ** piety under Sif Muna
  4157 | D:$      | Got out of the dungeon alive.

Levels and vault maps discovered:
D:1:      lemuel_arrival_cross, layout_basic, minmay_misc_feat_four_crosses
D:2:      layout_loops_ring, overflow_temple_1_default
D:3:      layout_basic, eat_drink_and_be_merry_uskayaw, first_ration,
          chequers_ecumenical_altar_simple_redux, lightli_sewer_entry_pipes,
          dk_vineyard_3

Skill      XL: |  1  2  3  4  5 |
---------------+----------------+-----
Stealth        | 2 |  2.0
Polearms       | 3 4 |  4.8
Dodging        | 3 |  3.0
Fighting       | 4 |  4.2

Action                   |  1- 3 |  4- 6 || total
-------------------------+-------+-------++-------
Melee: Spear             |   193 |   241 ||   434
       Trident           |       |     6 ||     6
Throw: Stone             |    14 |    50 ||    64
  Use: Potion            |       |     2 ||     2
       Scroll            |       |     1 ||     1
 Stab: Sleeping          |     2 |       ||     2
  Eat: Chunk             |     3 |     8 ||    11
Armor: Robe              |     2 |       ||     2
       Scale mail        |    86 |    73 ||   159
Dodge: Dodged            |    68 |    83 ||   151
